 Dungeon Crawl Stone Soup version 0.31-a0-803-g95b03c3367 (webtiles) character file.

Game seed: 6661353156550602963

145 Newt the Shooter (level 5, -4/33 HPs)
             Began as a Kobold Hexslinger on Sept 20, 2023.
             Slain by Pikel
             ... wielding a +2 whip of electrocution
              (6 damage)
             ... on level 4 of the Dungeon.
             The game lasted 00:04:47 (3486 turns).

Newt the Shooter (Kobold Hexslinger)                Turns: 3486, Time: 00:04:48

Health: -4/33      AC:  7    Str:  6    XL:     5   Next: 53%
Magic:  2/6        EV: 15    Int: 14    God:
Gold:   270        SH:  0    Dex: 22    Spells: 0/6 levels left

rFire   + + .        a - +1 sling
rCold   . . .        (no shield)
rNeg    . . .        n - +2 robe "Ura Muss" {-Tele rF++ Dex+3 Stlth+}
rPois   .            e - +0 helmet
rElec   .            (no cloak)
rCorr   .            (no gloves)
SInv    .            h - +1 pair of boots
Will    .....        (no amulet)
Stlth   ++++         k - ring of wizardry
HPRegen 0.25/turn    (no ring)
MPRegen 0.10/turn

%: no teleportation, wizardry (x1)
@: weak-willed, jinxed
A: small, no large weapons, nightstalker 3
a: no special abilities


You were on level 4 of the Dungeon.
You visited 1 branch of the dungeon, and saw 5 of its levels.

You collected 270 gold pieces.

Inventory:

Hand Weapons
 a - a +1 sling (weapon)
Missiles
 l - 4 boomerangs
Armour
 c - a +0 robe
 e - a +0 helmet (worn)
 h - a +1 pair of boots (worn)
 m - a +0 kite shield
 n - the +2 robe "Ura Muss" (worn) {-Tele rF++ Dex+3 Stlth+}
   (You took it off a kobold on level 2 of the Dungeon)

   Dex+3:     It affects your dexterity (+3).
   rF++:      It greatly protects you from fire.
   -Tele:     It prevents most forms of teleportation.
   Stlth+:    It makes you more stealthy.
Jewellery
 k - a ring of wizardry (left hand)
Wands
 d - a wand of roots (12)
Scrolls
 b - 2 scrolls of poison
 j - a scroll of revelation
Potions
 f - 2 potions of brilliance
 g - a potion of degeneration


   Skills:
 - Level 4.0 Fighting
 + Level 5.2 Ranged Weapons
 - Level 2.4 Dodging
 - Level 1.1 Spellcasting
 - Level 3.0 Hexes
 - Level 1.0 Fire Magic


You couldn't memorise any spells.
You knew the following spells:

 Your Spells              Type           Power      Damage    Failure   Level
a - Jinxbite              Hex            18%        N/A       4%          2
b - Sigil of Binding      Hex            9%         N/A       9%          3
c - Slow                  Hex            36%        N/A       3%          1

Your spell library contained the following spells:

 Spells                   Type           Power      Damage    Failure   Level
 Confusing Touch          Hex            9%         N/A       9%          3
 Apportation              Tloc           0%         N/A       11%         1
 Kiss of Death            Conj/Necr      0%         2d5       11%         1
 Necrotise                Necr           0%         1d4       11%         1
 Summon Small Mammal      Summ           0%         N/A       11%         1
 Inner Flame              Hex/Fire       6%         N/A       14%         3
 Cause Fear               Hex            4%         N/A       28%         4
 Vampiric Draining        Necr           0%         2d6       30%         3
 Dimensional Bullseye     Hex/Tloc       2%         N/A       45%         4
 Dispel Undead            Necr           0%         3d6       67%         4


Dungeon Overview and Level Annotations

Branches:
Dungeon (5/15)
 Temple: D:4-7

Altars:
Trog
Wu Jian

Annotations:
D:4 Pikel


Innate Abilities, Weirdness & Mutations

You are small and have problems with some larger weapons.
You are completely attuned to the shadows.


Message History

The lemure has too much momentum for your sigil to bind in place!
The lemure hits you.
Pikel moves over your binding sigil and is bound in place!
The lemure attacks as it pursues you! The lemure hits you.
You shoot a sling bullet.
The sling bullet barely misses the lemure.
The sling bullet hits Pikel but does no damage.
The lemure barely misses you.
Pikel cracks his whip.
The lemure hits you but does no damage.
You shoot a sling bullet.
The sling bullet barely misses the lemure.
The sling bullet hits Pikel.
Pikel is lightly wounded.
The lemure is no longer moving quickly.
The lemure hits you but does no damage.
You shoot a sling bullet. The sling bullet hits the lemure.
The lemure is moderately wounded.
Pikel's lost momentum returns!
The lemure hits you.
Casting: Sigil of Binding (quite dangerous; 9% risk of failure)
Confirm with . or Enter, or press ? or * to list all spells.
You beckon some vexing sprites to accompany your attacks.
You feel your willpower being sapped.
Unknown command.
You shoot a sling bullet. The sling bullet hits Pikel.
Pikel is lightly wounded.
Pikel hits you with a +2 whip of electrocution.
You are electrocuted!!
Ouch! That really hurt!
* * * LOW HITPOINT WARNING * * *
Aiming: Fastroot
Press: ? - help, Shift-Dir - straight line, f/p - Pikel
Aim: Pikel, wielding a +2 whip of electrocution and wearing a +0 robe (lightly wounded, covering ground quickly, chance to call a sprite on attack: 43%)
The roots erupt in riotous growth!
Roots grab Pikel.
Roots grab the lemure.
The grasping roots constrict Pikel.
The grasping roots constrict the lemure.
Pikel hits you with a +2 whip of electrocution.
You die...
Pikel says, "Another soul for the market."

#...>......#.###.
#########..##.... #..#.†...
#...#.... .... ##...#....
...5 ##....#.... ....
#..##..#.##
<...##############..######..
K........5K@...........##...
....#...########..####...#..
.K..###..######...######.#..
.... ##...............[.#..
.... ####################.
##


You could see Pikel (swift, rooted) and a lemure (rooted).

Vanquished Creatures
  3 lemures (D:4)
  A hound (D:5)
  An iguana (D:4)
  2 adders
  A shadow imp (D:5)
  A worm (D:2)
  7 orcs
  3 ball pythons (D:2)
  5 endoplasms
  3 giant cockroaches
  4 hobgoblins
  4 kobolds
  5 quokkas
  6 bats
  A frilled lizard (D:3)
  2 goblins (D:1)
  6 rats
55 creatures vanquished.

Notes
Turn   | Place    | Note
-------+----------+-------------------------------------------
     0 | D:1      | Newt the Kobold Hexslinger began the quest for the Orb.
     0 | D:1      | Reached XP level 1. HP: 12/12 MP: 2/2
   251 | D:1      | Reached XP level 2. HP: 14/17 MP: 3/3
   254 | D:1      | Learned a level 2 spell: Jinxbite
   635 | D:1      | Reached XP level 3. HP: 23/23 MP: 4/4
   871 | D:2      | Identified the +2 robe "Ura Muss" {-Tele rF++ Dex+3 Stlth+}
  1205 | D:2      | Reached XP level 4. HP: 29/29 MP: 5/5
  1390 | D:2      | Found a faded altar of an unknown god.
  2061 | D:3      | Reached skill level 3 in Ranged Weapons
  2402 | D:3      | Found a bloodstained altar of Trog.
  2780 | D:4      | Reached skill level 4 in Ranged Weapons
  2780 | D:4      | Reached XP level 5. HP: 13/33 MP: 4/6
  2877 | D:4      | Found an ornate altar of the Wu Jian Council.
  2964 | D:4      | Learned a level 3 spell: Sigil of Binding
  2966 | D:4      | Learned a level 1 spell: Slow
  3038 | D:4      | Noticed a lemure
  3039 | D:4      | Noticed a lemure
  3039 | D:4      | Noticed Pikel
  3039 | D:4      | Noticed a lemure
  3039 | D:4      | Noticed a lemure
  3059 | D:4      | Killed a lemure
  3077 | D:5      | Entered Level 5 of the Dungeon
  3170 | D:5      | Reached skill level 5 in Ranged Weapons
  3185 | D:4      | Killed a lemure
  3217 | D:4      | Killed a lemure
  3486 | D:4      | Slain by Pikel

Illustrated notes

Levels and vault maps discovered:
D:1:      shiori_shiawase, layout_basic, chequers_serial_rivers_small_b
D:2:      layout_loops_corners, shapermc_ecumenical_altar_notcrosses
D:3:      layout_basic, lightli_temple_of_fire
D:4:      nicolae_BIG_FREAKIN_CUBE, layout_rooms, nzn_wu_jian_council_hall,
          ebering_ghost_reflecting_pool, grunt_decor_fettered, uniq_pikel
D:5:      layout_loops_ring, kennysheep_nub, corexii_leaking_fountain,
          kennysheep_generic_room_15

Skill      XL: |  1  2  3  4  5 |
---------------+----------------+-----
Fighting       | 2 3 4 |  4.0
Ranged Weapons | 4 5 |  5.2
Dodging        | |  2.4
Spellcasting   | |  1.1
Hexes          | |  3.0
Fire Magic     | |  1.0

Action                     |  1- 3 |  4- 6 || total
---------------------------+-------+-------++-------
   Fire: Sling             |    75 |   103 ||   178
   Cast: Jinxbite          |     4 |     5 ||     9
         Sigil of Binding  |       |     3 ||     3
  Evoke: Wand              |       |     2 ||     2
    Use: Scroll            |     1 |     5 ||     6
         Potion            |       |     3 ||     3
 Armour: Robe              |    15 |    37 ||    52
  Dodge: Dodged            |    27 |    46 ||    73

Table legend: (Time is in decaauts)
 A = Elapsed time spent in this place.
 B = Non-inter-level travel time spent in this place.
 C = Inter-level travel time spent in this place.
 D = Time resting spent in this place.
 E = Time spent auto-exploring this place.
 F = Levels seen in this place.
 G = Mean time per level.
                   A        B        C        D        E       F      G
               +--------+--------+--------+--------+--------+-----+--------+
         Total |   3507 |   3396 |    111 |    281 |   2659 |   5 |  701.4 |
       Dungeon |   3507 |   3396 |    111 |    281 |   2659 |   5 |  701.4 |
               +--------+--------+--------+--------+--------+-----+--------+

Top non-repeatable levels by time:
     D:2: 1185 daAuts
     D:4: 836 daAuts
     D:3: 711 daAuts
     D:1: 692 daAuts
     D:5: 82 daAuts
